 Dungeon Crawl Stone Soup version 0.27.1 (webtiles) character file.

Game seed: 12800386253468264263

11498 ZARRMARR the Cleaver (level 11, 0/151 HPs)
             Began as a Hill Orc Monk on Sept 2, 2021.
             Was a Priest of Beogh.
             Succumbed to a black mamba's poison
             ... on level 1 of the Lair of Beasts.
             The game lasted 01:08:13 (14431 turns).

ZARRMARR the Cleaver (Hill Orc Monk)               Turns: 14431, Time: 01:08:14

Health: 0/151      AC: 25    Str: 18    XL:     11   Next: 78%
Magic:  19/19      EV:  2    Int: 10    God:    Beogh [***...]
Gold:   370        SH:  0    Dex: 13    Spells: 10/10 levels left

rFire    . . .     SeeInvis .   J - +2 glaive (flame)
rCold    . . .     Faith    .   (shield currently unavailable)
rNeg     + + +     Spirit   .   (armour currently unavailable)
rPois    +         Reflect  .   (helmet currently unavailable)
rElec    .         Harm     .   (cloak currently unavailable)
rCorr    .         Rampage  .   (gloves currently unavailable)
Will     +....     NoTele   +   (boots currently unavailable)
Stlth    ++........             (no amulet)
HPRegen  0.35/turn              e - ring of willpower
MPRegen  0.16/turn              w - ring of positive energy

@: lethally poisoned (0 -> -3), tree-form
A: stationary, stasis, torment immunity, boosted hp
a: Renounce Religion, Smiting


You were on level 1 of the Lair of Beasts.
You worshipped Beogh.
Beogh was most pleased with you.
You were a tree.
You visited 2 branches of the dungeon, and saw 10 of its levels.
You also visited: Sewer and Ossuary.

You collected 370 gold pieces.

Inventory:

Hand Weapons
 F - a +6 hand axe of freezing
 G - a +4 halberd of freezing
 J - a +2 glaive of flaming (weapon)
Missiles
 c - 14 poisoned darts (quivered)
 h - 4 silver javelins
 H - 3 throwing nets
Armour
 p - a +5 ring mail of fire resistance (melded)
 z - a +0 cloak (melded)
 A - a +0 hat (melded)
Jewellery
 e - a ring of willpower (left branch)
 w - a ring of positive energy (right branch)
 x - a ring of fire
 I - a +6 ring of intelligence
Wands
 a - a wand of acid (6)
 o - a wand of flame (15)
 C - a wand of paralysis (8)
Scrolls
 f - 3 scrolls of vulnerability
 j - a scroll of summoning
 n - 2 scrolls of immolation
 q - 3 scrolls of blinking
 s - 2 scrolls of fog
 t - a scroll of amnesia {unknown}
 u - 2 scrolls of teleportation
 y - a scroll of torment {unknown}
 D - 2 scrolls of enchant armour
 E - a scroll of magic mapping {unknown}
Potions
 b - a potion of attraction {unknown}
 g - a potion of cancellation {unknown}
 i - a potion of invisibility {unknown}
 m - a potion of berserk rage {unknown}
 r - 3 potions of flight
 v - 2 potions of magic
 B - 2 potions of lignification


   Skills:
 + Level 10.3 Fighting
 - Level 14.0 Axes
 - Level 0.2 Throwing
 + Level 9.7 Armour
 - Level 2.4 Dodging
 - Level 1.5 Stealth
 * Level 11.3 Invocations


You had 10 spell levels left.
You didn't know any spells.
Your spell library contained the following spells:

 Spells                   Type           Power      Damage    Failure   Level
 Foxfire                  Conj/Fire      0%         2x1d4     36%         1
 Sublimation of Blood     Necr           0%         N/A       50%         2
 Wereblood                Tmut           0%         N/A       50%         2
 Conjure Flame            Conj/Fire      0%         6-21      75%         3
 Inner Flame              Hex/Fire       0%         N/A       75%         3
 Portal Projectile        Hex/Tloc       0%         N/A       75%         3
 Animate Armour           Summ/Erth      0%         N/A       98%         4
 Blade Hands              Tmut           0%         N/A       100%        5
 Excruciating Wounds      Necr           0%         N/A       100%        5
 Iron Shot                Conj/Erth      0%         9d1       100%        6
 Summon Hydra             Summ           0%         N/A       100%        7


Dungeon Overview and Level Annotations

Branches:
Dungeon (9/15)             Temple (0/1) D:4            Lair (1/6) D:8
  Sewer (visited)         Ossuary (visited)
    Orc: D:9-12

Altars:
Ashenzari
Elyvilon
Fedhas
Kikubaaqudgha
Nemelex Xobeh
Uskayaw
Vehumet
Wu Jian
Xom
Zin

Shops:
D:5 *

Annotations:
D:6 1 runed translucent door, ZARRMARR's ghost, novice DEEE


Message History

Your water moccasin closely misses the black mamba.
The black mamba bites your water moccasin!
Reach: J) +2 glaive (flame)
Press: ? - help, Dir - move target, f/p - black mamba
Aim: a black mamba (severely wounded, ally target, about 54% to evade your +2 glaive of flaming)
You reach to attack!
You miss the black mamba.
The black mamba is severely wounded.
You feel very sick.
Your cane toad closely misses the black mamba.
Your water moccasin bites the black mamba.
The black mamba bites you!
* * * LOW HITPOINT WARNING * * *
It was a potion of flight.
You feel very buoyant.
You fly up into the air.
* * * LOW HITPOINT WARNING * * *
You feel sick.
The black mamba bites you but does no damage.
Your water moccasin bites the black mamba but does no damage.
Your water moccasin closely misses the black mamba.
The black mamba bites you but does no damage.
It was a potion of magic.
Magic courses through your body.
* * * LOW HITPOINT WARNING * * *
You feel sick.
Your cane toad misses the black mamba.
The black mamba bites you but does no damage.
Your water moccasin barely misses the black mamba.
Your komodo dragon bites the black mamba!
The black mamba dies!
Beogh accepts your kill.
It was a potion of lignification.
You turn into a tree.
Your +0 cloak melds into your body.
Your +0 hat melds into your body.
Your +5 ring mail of fire resistance melds into your body.
You feel less resistant to fire.
Your roots penetrate the ground.
* * * LOW HITPOINT WARNING * * *
You feel sick.
Unknown command.
* * * LOW HITPOINT WARNING * * *
You feel sick.
Unknown command.
You die...

#....
#....###
#....##..(.#
#.........##
#..)....## #
##......#
.##
#......#....
#..........#
###Sl.##P##
#$♣F.# ##
######


You could see a friendly komodo dragon (summoned), a friendly cane toad
(summoned) and a friendly water moccasin (summoned).

Vanquished Creatures
  Harold (D:7)
  7 death yaks
  A cane toad (Lair:1)
  Prince Ribbit (D:6)
  Sigmund (D:6)
  5 yaks (D:8)
  A steam dragon (D:8)
  2 water moccasins
  2 ice beasts (D:5)
  2 orc warriors
  2 ogres
  2 centaurs
  3 kobold brigands (Sewer)
  6 elf zombies
  A scorpion (D:4)
  An elf skeleton (D:4)
  3 bullfrogs
  2 water moccasin zombies
  A water moccasin skeleton (D:5)
  2 wights (D:7)
  3 killer bees (D:7)
  5 jellies
  4 centaur zombies
  4 human zombies (Ossuary)
  2 gnoll shamans
  2 hounds
  Crazy Yiuf (D:5)
  A centaur skeleton (D:6)
  3 orc priests (D:8)
  4 human skeletons (D:4)
  Ijyb (D:4)
  An iguana (D:5)
  3 orc wizards
  A killer bee zombie (D:8)
  A hound zombie (D:5)
  2 hound skeletons
  3 mummies (Ossuary)
  11 gnolls
  14 adders
  3 river rats
  A white imp (D:7)
  3 ufetubi (D:5)
  4 worms
  4 dart slugs
  19 orcs
  12 endoplasms
  6 giant cockroaches
  9 goblins
  9 hobgoblins
  3 jackals (D:4)
  2 quokkas (D:4)
  10 ball pythons
  4 bats
  10 frilled lizards
  14 kobolds
  14 rats
239 creatures vanquished.

Vanquished Creatures (collateral kills)
  3 death yaks (D:8)
  A black mamba (Lair:1)
  A necrophage (D:6)
  A kobold brigand (D:7)
  A killer bee (D:7)
  A wight (D:7)
  A centaur zombie (D:6)
  A bullfrog skeleton (D:6)
  A kobold (D:7)
11 creatures vanquished.

Vanquished Creatures (others)
  An orc priest (D:8)
  2 orc warriors (D:8)
  3 orcs
  A quokka (D:4)
  A fungus (D:5)
  24 plants
32 creatures vanquished.

Grand Total: 282 creatures vanquished

Notes
Turn   | Place    | Note
-------+----------+-------------------------------------------
     0 | D:1      | ZARRMARR the Hill Orc Monk began the quest for the Orb.
     0 | D:1      | Reached XP level 1. HP: 19/19 MP: 1/1
   195 | D:1      | Reached XP level 2. HP: 3/26 MP: 2/2
   741 | D:1      | Reached skill level 5 in Axes
   961 | D:1      | Found a faded altar of an unknown god.
  1140 | D:1      | Reached XP level 3. HP: 23/31 MP: 3/3
  1613 | D:2      | Reached skill level 6 in Axes
  1846 | D:2      | Reached XP level 4. HP: 36/39 MP: 4/4
  2128 | D:2      | Found an ancient bone altar of Kikubaaqudgha.
  2232 | D:2      | Found a shimmering altar of Xom.
  2660 | D:3      | Reached skill level 7 in Axes
  2713 | D:3      | Found an ornate altar of the Wu Jian Council.
  2764 | D:3      | Reached XP level 5. HP: 22/45 MP: 5/5
  2772 | D:3      | Found a glowing drain.
  2797 | Sewer    | Entered a sewer
  3233 | Sewer    | Noticed a kobold brigand
  3260 | Sewer    | Killed a kobold brigand
  3261 | Sewer    | Reached skill level 8 in Axes
  3482 | Sewer    | Noticed a kobold brigand
  3502 | Sewer    | Killed a kobold brigand
  3503 | Sewer    | Reached skill level 9 in Axes
  3503 | Sewer    | Reached XP level 6. HP: 3/51 MP: 6/6
  4521 | D:3      | Reached skill level 10 in Axes
  4521 | D:3      | Reached XP level 7. HP: 11/57 MP: 7/7
  5011 | D:3      | Found a hide-covered altar of Uskayaw.
  5197 | D:3      | Found a sparkling altar of Nemelex Xobeh.
  5314 | D:4      | Found a glowing silver altar of Zin.
  5354 | D:4      | Reached skill level 11 in Axes
  5397 | D:4      | Found a radiant altar of Vehumet.
  5453 | D:4      | Noticed Ijyb
  5469 | D:4      | Killed Ijyb
  5574 | D:4      | Became a worshipper of Beogh the Brigand
  5574 | D:4      | Reached * piety under Beogh
  5574 | D:4      | Reached ** piety under Beogh
  5725 | D:4      | Found a white marble altar of Elyvilon.
  5830 | D:4      | Found a sand-covered staircase.
  5842 | Ossuary  | Entered an ossuary
  5899 | Ossuary  | Reached XP level 8. HP: 55/64 MP: 8/8
  5924 | Ossuary  | Reached skill level 12 in Axes
  6306 | Ossuary  | Reached skill level 13 in Axes
  6520 | D:4      | Reached *** piety under Beogh
  6555 | D:4      | Gained Olfik as an ally
  6587 | D:4      | Reached skill level 14 in Axes
  6587 | D:4      | Reached skill level 1 in Armour
  6752 | D:4      | Found a staircase to the Ecumenical Temple.
  6760 | D:4      | Reached skill level 1 in Invocations
  6760 | D:4      | Reached XP level 9. HP: 71/71 MP: 9/9
  6978 | D:4      | Found a shimmering altar of Xom.
  7224 | D:5      | Entered Level 5 of the Dungeon
  8022 | D:5      | Found a runed translucent door.
  8023 | D:5      | Noticed Crazy Yiuf
  8084 | D:5      | Found Afohod's General Store.
  8527 | D:5      | Killed Crazy Yiuf
  8692 | D:6      | Found a runed translucent door.
  8701 | D:6      | Noticed ZARRMARR's ghost (novice DEEE)
  8737 | D:6      | Reached skill level 5 in Fighting
  8931 | D:6      | Noticed Prince Ribbit
  8940 | D:6      | Killed Prince Ribbit
  9365 | D:6      | Noticed Sigmund
  9373 | D:6      | Killed Sigmund
  9467 | D:6      | Reached skill level 5 in Invocations
  9493 | D:6      | Reached skill level 5 in Armour
 10050 | D:7      | HP: 3/70 [wight (1)]
 10050 | D:7      | HP: 1/70 [wight (2)]
 10448 | D:7      | Reached XP level 10. HP: 83/84 MP: 14/14
 10559 | D:7      | Found a blossoming altar of Fedhas.
 10565 | D:7      | You fall into a shaft and drop 2 floors!
 10577 | D:8      | Noticed a death yak
 10577 | D:8      | Noticed a death yak
 10577 | D:8      | Noticed a death yak
 10577 | D:8      | Noticed a death yak
 10579 | D:8      | Noticed a death yak
 10607 | D:7      | Noticed Harold
 10611 | D:7      | Killed Harold
 11620 | D:8      | Noticed a death yak
 11630 | D:8      | Noticed a death yak
 11630 | D:8      | Noticed a death yak
 11630 | D:8      | Noticed a death yak
 11630 | D:8      | Noticed a death yak
 11645 | D:8      | Killed a death yak
 11648 | D:8      | Killed a death yak
 11655 | D:8      | Killed a death yak
 11665 | D:8      | Your ally Olfik died
 11670 | D:8      | Killed a death yak
 12007 | D:7      | Killed a death yak
 12008 | D:7      | Reached XP level 11. HP: 85/95 MP: 16/18
 12493 | D:8      | Found a staircase to the Lair.
 12786 | D:8      | Killed a death yak
 12787 | D:8      | Reached skill level 10 in Invocations
 13155 | D:8      | Killed a death yak
 13398 | D:8      | Killed a death yak
 13788 | D:8      | Killed a death yak
 13807 | D:8      | Killed a death yak
 13808 | D:8      | Reached skill level 10 in Fighting
 14132 | D:8      | Found a broken altar of Ashenzari.
 14300 | Lair:1   | Entered Level 1 of the Lair of Beasts
 14426 | Lair:1   | HP: 5/100 [black mamba (11)]
 14428 | Lair:1   | HP: 2/100 [poisoned by a black mamba]
 14431 | Lair:1   | Succumbed to a black mamba's poison

Illustrated notes

Levels and vault maps discovered:
D:1:      ncdulo_smallfort, layout_basic, chequers_ecumenical_altar_simple
D:2:      layout_loops_ring, basic_altar, kennysheep_flooded_box,
          minmay_lizard_pond
D:3:      layout_loops_ring, nemelex_diamond_rough_becter,
          nicolae_wu_jian_wuxing_cycle, nicolae_uskayaw_dance_hall,
          portal_sewer_entry_e, minivault_24
D:4:      kennysheep_goblin_castle, layout_cave_pools, elyvilon_altar_4,
          zin_academy, mainiacjoe_overflow_tiny_flanked,
          mainiacjoe_overflow_24_doors, minmay_temple_entry_hall,
          nicolae_ossuary_entry_catacombs, grunt_decor_arrowhead,
          minmay_crystal_room
D:5:      wad_lake_hut, layout_loops_ring, serial_shops,
          nicolae_shop_waterfront, grunt_ministairs_5, uniq_crazy_yiuf_cottage
D:6:      layout_basic, ebering_ghost_reflecting_pool, uniq_prince_ribbit1,
          uniq_sigmund
D:7:      layout_cave_pods, mainiacjoe_overflow_cross_hatched, uniq_harold
D:8:      layout_basic, mainiacjoe_overflow_surrounded_room, dpeg_lair_monsters
D:9:      layout_loops_cross, nicolae_qazlal_eye_of_the_storm, serial_bayou,
          serial_bayou_crossing, serial_bayou_pond_c, serial_bayou_shore_b,
          serial_bayou_shore_b, minivault_22
Lair:1:   layout_misc_corridors, st_stairs_10, wad_woods_06

Skill      XL: |  1  2  3  4  5  6  7  8  9 10 11 |
---------------+----------------------------------+-----
Axes           | 5 6 7 9 10 11 14 | 14.0
Armour         | 1 5 8 9 |  9.7
Invocations    | 1 5 9 11 | 11.3
Fighting       | 6 8 10 | 10.3
Throwing       | |  0.2
Dodging        | |  2.4
Stealth        | |  1.5

Action                   |  1- 3 |  4- 6 |  7- 9 | 10-12 || total
-------------------------+-------+-------+-------+-------++-------
Melee: Hand axe          |   105 |   210 |   548 |   215 ||  1078
       Glaive            |       |       |       |    17 ||    17
Throw: Dart              |       |    28 |     7 |    33 ||    68
       Javelin           |       |       |     1 |       ||     1
Invok: Convert to Beogh  |       |       |     1 |       ||     1
       Smiting           |       |       |     5 |     9 ||    14
Evoke: Wand              |       |       |     3 |       ||     3
  Use: Scroll            |     4 |     2 |     4 |    11 ||    21
       Potion            |       |     2 |       |    12 ||    14
 Stab: Sleeping          |     3 |     2 |     2 |     1 ||     8
       Paralysed         |       |       |     3 |       ||     3
       Distracted        |       |       |     1 |     1 ||     2
Armor: Robe              |    20 |    12 |     8 |       ||    40
       Ring mail         |       |       |   129 |    41 ||   170
Dodge: Dodged            |    62 |    92 |   195 |    65 ||   414
